AoeStats
← LUCAS

Arena

510767971Analyzed
4v4 RM · 9h ago on Oct 2, 2026· 32m 42s· 8 players
Game mode
Random Map
Map size
Large (8 player)
Population
200
Speed
Normal
Resources
Standard
Victory
Conquest
Starting age
Dark Age
Ending age
Imperial Age
RankedLock teamsTeams togetherTeam positionsShared explorationLock speedFull tech treeHidden civsTurbo modeCheats
Victory
Defeat
🇮🇳 Byzantines · India
790
+16
🇩🇪 Khmer · Germany
761
+17
🇫🇷 Britons · France
736
+18
🇧🇴 Goths · Bolivia
709
+19
🇨🇳 Mongols · China
932
-23
🇨🇳 Franks · China
822
-19
🇨🇳 Burmese · China
712
-15
🇨🇳 Vietnamese · China
680
-20
éGo
9:07 Feudal Age
10:04 Double-Bit Axe
17:04 Castle Age
14:50 Horse Collar
15:17 Gold Mining
16:04 Stone Mining
19:13 Bow Saw
19:31 Heavy Plow
24:18 Gold Shaft Mining
24:27 Stone Shaft Mining
26:44 Caravan
27:20 Forging
27:16 Scale Barding Armor
28:14 Wheelbarrow
31:18 Imperial Age
30:37 Iron Casting
30:22 Chain Barding Armor
30:40 Bloodlines
30:30 Husbandry
31:12 Hand Cart
30:57 Town Watch
Ryusuke
4:23 Loom
5:35 Loom
12:56 Feudal Age
16:40 Wheelbarrow
15:54 Double-Bit Axe
16:02 Gold Mining
19:24 Castle Age
18:00 Padded Archer Armor
17:50 Fletching
18:37 Fletching
20:11 Crossbowman
22:21 Bodkin Arrow
24:39 Ballistics
27:18 Bow Saw
31:04 Hand Cart
32:19 Leather Archer Armor
vtarchitect1668
3:35 Loom
11:25 Feudal Age
12:41 Wheelbarrow
11:54 Double-Bit Axe
11:50 Horse Collar
16:28 Castle Age
26:11 Imperial Age
29:07 Chemistry
31:41 Elite Skirmisher
BRICET27S
0:28 Loom
11:52 Feudal Age
12:26 Double-Bit Axe
12:24 Horse Collar
14:52 Man-at-Arms
17:27 Wheelbarrow
18:41 Forging
18:50 Gold Mining
19:53 Scale Mail Armor
23:14 Castle Age
22:11 Stone Mining
23:25 Long Swordsman
24:14 Heavy Plow
24:28 Bow Saw
24:53 Squires
25:43 Iron Casting
25:51 Hand Cart
25:57 Pikeman
29:36 Stone Shaft Mining
30:00 Chain Mail Armor
0
4:16 Loom
14:34 Feudal Age
17:03 Gold Mining
17:03 Stone Mining
16:55 Horse Collar
17:02 Man-at-Arms
17:51 Loom
20:37 Castle Age
22:54 Heavy Plow
23:33 Gold Shaft Mining
22:37 Long Swordsman
23:19 Squires
23:11 Gambesons
23:45 Forging
24:41 Pikeman
25:06 Arson
LUCAS
13:43 Feudal Age
14:33 Double-Bit Axe
16:19 Horse Collar
17:51 Wheelbarrow
18:03 Wheelbarrow
22:29 Castle Age
20:28 Fletching
20:41 Padded Archer Armor
20:55 Forging
20:47 Scale Mail Armor
21:33 Gold Mining
21:35 Stone Mining
21:43 Stone Mining
24:36 Stone Shaft Mining
25:24 Coinage
25:02 Caravan
25:59 Light Cavalry
26:44 Husbandry
27:14 Hand Cart
31:28 Crossbowman
31:32 Elite Skirmisher
雨落
9:26 Feudal Age
9:36 Feudal Age
14:05 Castle Age
12:24 Double-Bit Axe
12:33 Horse Collar
15:11 Bow Saw
19:44 Heavy Plow
20:23 Stone Mining
21:07 Gold Mining
23:13 Wheelbarrow
22:25 Loom
23:24 Fletching
25:28 Stone Shaft Mining
25:34 Bodkin Arrow
25:57 Nomads
28:00 Padded Archer Armor
justjust
10:03 Feudal Age
16:46 Castle Age
18:00 Double-Bit Axe
21:42 Bow Saw
Connection lost

Rejoining the realm…

Still unreachable

The connection could not be restored.

Session expired

The server has moved on; the page needs a fresh start.